 Dungeon Crawl Stone Soup version 0.30-a0-782-ge64f9170bb (webtiles) character file.

Game seed: 16153554035078552898

8736 Dirian the Cleaver (level 11, 0/95 HPs)
             Began as a Minotaur Fighter on Mar 7, 2023.
             Was an Initiate of Ru.
             Killed from afar by a smoke demon (8 damage)
             ... with a ball of steam
             ... on level 2 of the Abyss.
             The game lasted 00:20:42 (9107 turns).

Dirian the Cleaver (Minotaur Fighter)               Turns: 9107, Time: 00:20:43

Health: 0/95       AC: 19    Str: 27    XL:     11   Next: 13%
Magic:  0/10       EV: 13    Int:  3    God:    Ru [......]
Gold:   793        SH:  7    Dex: 17    Spells: 10/10 levels left

rFire   . . .      SeeInvis .    a - +0 war axe (vamp)
rCold   . . .      Faith    .    c - +1 buckler
rNeg    . . .      Spirit   +    l - +0 chain mail
rPois   .          Reflect  .    k - +2 hat
rElec   .          Harm     .    (no cloak)
rCorr   .          Rampage  .    o - +2 pair of gloves {Dex+3}
Will    .....                    A - +1 pair of boots Stlth
                                 i - amulet of guardian spirit
HPRegen 0.35/turn                g - +5 ring of evasion
MPRegen 0.12/turn                F - +4 ring of protection

@: on fire, about to teleport, glowing
A: horns 2, retaliatory headbutt, agile 1, deformed body, sense surroundings 1,
strong 1
a: Renounce Religion


You were on level 2 of the Abyss.
You worshipped Ru.
Ru was noncommittal.
You visited 1 branch of the dungeon, and saw 10 of its levels.
You visited the Abyss 1 time.
You also visited: Sewer.

You collected 793 gold pieces.

Inventory:

Hand Weapons
 a - a +0 vampiric war axe (weapon)
 b - a +0 war axe
 h - a +2 morningstar of draining
Missiles
 u - a throwing net (quivered)
Armour
 c - a +1 buckler (worn)
 k - a +2 hat (worn)
 l - a +0 chain mail (worn)
 o - a +2 pair of gloves of dexterity (worn)
 A - a +1 pair of boots (worn)
 E - a +0 plate armour
Jewellery
 g - a +5 ring of evasion (left hand)
 i - an amulet of guardian spirit (around neck)
 F - a +4 ring of protection (right hand)
Wands
 x - a wand of polymorph (21)
 y - a wand of flame (17)
 C - a wand of iceblast (3)
 D - a wand of light (4)
Scrolls
 d - a scroll of summoning
 j - 3 scrolls of magic mapping
 n - 2 scrolls of immolation
 r - 3 scrolls of identify
 s - 2 scrolls of fear
 t - a scroll of teleportation
 z - 2 scrolls of blinking
 B - 2 scrolls of silence
Potions
 e - a potion of invisibility
 f - 5 potions of attraction
 m - 3 potions of brilliance
 p - 3 potions of magic
 q - 4 potions of curing
 v - a potion of ambrosia


   Skills:
 + Level 8.6 Fighting
 + Level 14.2 Axes
 + Level 9.8 Armour
 + Level 7.9 Shields
 * Level 4.6 Evocations


You had 10 spell levels left.
You didn't know any spells.
Your spell library contained the following spells:

 Spells                   Type           Power      Damage    Failure   Level
 Static Discharge         Conj/Air       0%         2-2/arc   99%         2
 Inner Flame              Hex/Fire       0%         N/A       100%        3
 Stone Arrow              Conj/Erth      0%         3d7       100%        3
 Vhi's Electric Charge    Tloc/Air       0%         N/A       100%        3
 Animate Armour           Summ/Erth      0%         N/A       100%        4
 Flame Wave               Conj/Fire      0%         2d4       100%        4
 Sticky Flame             Conj/Fire      0%         2d3       100%        4
 Arcjolt                  Conj/Air       0%         1d10      100%        5
 Lightning Bolt           Conj/Air       0%         1d11      100%        5
 Lehudib's Crystal Spear  Conj/Erth      0%         10d2      100%        8


Dungeon Overview and Level Annotations

Branches:
Dungeon (10/15) Zot: 26399  Temple (0/1) D:6            Lair (0/5) D:9
    Orc (0/2) D:9           Sewer (visited)

Altars:
Hepliaklqana
Kikubaaqudgha
Makhleb
Nemelex Xobeh
Okawaru
Ru
Sif Muna
Trog
Uskayaw
Wu Jian
Zin
The Shining One

Shops:
D:10 [

Annotations:
D:10 Sonja


Innate Abilities, Weirdness & Mutations

You have a pair of horns on your head.
You reflexively headbutt those who attack you in melee.
You are agile. (Dex +4, Str/Int -1)
Armour fits poorly on your strangely shaped body.
You passively map a small area around you.
Your muscles are strong. (Str +4, Int/Dex -1)


Message History

You are covered in liquid flames!
You are covered in liquid flames!
* * * LOW HITPOINT WARNING * * *
You are covered in liquid flames!
* * * LOW HITPOINT WARNING * * *
You are covered in liquid flames!
* * * LOW HITPOINT WARNING * * *
You feel much better.
As you read the scroll of teleportation, it crumbles to dust.
You feel strangely unstable.
You feel the power of the Abyss delaying your translocation!
The smoke demon gestures at you. The sticky flame misses you.
The smoke demon gestures at you.
The sticky flame hits you but does no damage.
You are covered in liquid flames!
You are covered in liquid flames!
The smoke demon gestures at you.
The ball of steam hits you but does no damage.
You are covered in liquid flames!
You are covered in liquid flames!
* * * LOW HITPOINT WARNING * * *
You are covered in liquid flames!
* * * LOW HITPOINT WARNING * * *
The smoke demon gestures at you. The sticky flame hits you.
You are covered in liquid flames!
* * * LOW HITPOINT WARNING * * *
The neqoxec gestures at you.
Something tries to feed on your intellect!
You are covered in liquid flames!
* * * LOW HITPOINT WARNING * * *
The smoke demon gestures at you.
The sticky flame hits you but does no damage.
You are covered in liquid flames!
You are covered in liquid flames!
* * * LOW HITPOINT WARNING * * *
The smoke demon gestures at you. The ball of steam hits you!
You die...

. .# # . . .# #..
... . . #. .. # #
###.#.# . #.# .
##...##.# . ..
#..##..#... .#
.... #.#.#@# .#
.## .
#..#...§##.####..
# #.. #
#.###§_##.#.... ..
.
#..#..#....#.#.#.#
#. #..##33#..#.. #
###.§#..##.# ##
#§.#§.##.## #
#.######. #### #..
#3## ##


There were no monsters in sight!

Vanquished Creatures
  3 two-headed ogres
  An unseen horror (D:10)
  A hellwing (Abyss:2)
  A ynoxinul (Abyss:2)
  A wyvern (D:8)
  A chaos spawn (Abyss:2)
  10 yaks (D:9)
  2 humans (D:8)
  A large abomination (Abyss:2)
  3 water moccasins
  An acid dragon (D:9)
  A black bear (D:6)
  6 orc warriors
  An ice beast (D:5)
  A sky beast (D:7)
  6 centaurs
  4 ogres
  2 kobold brigands
  A phantom (D:7)
  A gnoll sergeant (D:5)
  5 bullfrogs
  2 necrophages (D:6)
  A scorpion (D:6)
  5 wights (D:7)
  3 howler monkeys (D:10)
  8 orc priests
  6 hounds
  A jelly (D:6)
  2 gnoll boudas
  Terence (D:2)
  2 iguanas
  7 orc wizards
  13 gnolls
  3 adders
  A shadow imp (D:6)
  A white imp (D:5)
  An ufetubus (D:5)
  2 worms
  41 orcs
  9 endoplasms
  3 giant cockroaches
  10 goblins
  4 hobgoblins
  4 jackals (D:1)
  5 quokkas
  4 ball pythons
  7 bats
  5 frilled lizards
  12 kobolds
  5 rats
221 creatures vanquished.

Vanquished Creatures (others)
  A wizard (D:8)
  An orc wizard (D:9)
  5 starspawn tentacles (Abyss:2)
7 creatures vanquished.

Grand Total: 228 creatures vanquished

Notes
Turn   | Place    | Note
-------+----------+-------------------------------------------
     0 | D:1      | Dirian the Minotaur Fighter began the quest for the Orb.
     0 | D:1      | Reached XP level 1. HP: 19/19 MP: 0/0
   285 | D:1      | Reached XP level 2. HP: 26/27 MP: 1/1
   652 | D:1      | Reached XP level 3. HP: 30/33 MP: 2/2
   923 | D:2      | Noticed Terence
   923 | D:2      | Found a faded altar of an unknown god.
   927 | D:2      | Killed Terence
   928 | D:2      | Reached skill level 3 in Axes
  1090 | D:2      | Reached XP level 4. HP: 40/40 MP: 3/3
  1442 | D:2      | Found a hazy altar of Hepliaklqana.
  1620 | D:3      | Found a sparkling altar of Nemelex Xobeh.
  1679 | D:3      | Found a glowing drain.
  1720 | Sewer    | Entered a sewer
  1748 | Sewer    | Noticed a water moccasin
  1756 | Sewer    | Killed a water moccasin
  1757 | Sewer    | Reached skill level 4 in Axes
  1757 | Sewer    | Reached XP level 5. HP: 24/47 MP: 4/4
  2184 | D:3      | Reached skill level 5 in Armour
  2390 | D:3      | Found an ancient bone altar of Kikubaaqudgha.
  2420 | D:3      | Reached skill level 5 in Axes
  2944 | D:4      | Reached XP level 6. HP: 43/55 MP: 3/5
  3744 | D:5      | Entered Level 5 of the Dungeon
  3753 | D:5      | You fall into a shaft and drop 2 floors!
  3769 | D:7      | Reached skill level 5 in Fighting
  3769 | D:7      | Reached skill level 6 in Axes
  3817 | D:6      | Reached XP level 7. HP: 16/61 MP: 0/6
  3976 | D:6      | Found a sacrificial altar of Ru.
  3986 | D:6      | Became a worshipper of Ru the Awakened
  4012 | D:6      | Reached skill level 7 in Axes
  4240 | D:5      | Reached skill level 5 in Shields
  4278 | D:5      | Reached skill level 8 in Axes
  4278 | D:5      | Reached XP level 8. HP: 66/70 MP: 5/7
  4907 | D:5      | Reached skill level 9 in Axes
  4978 | D:6      | Found a staircase to the Ecumenical Temple.
  5143 | D:6      | Found a shimmering blue altar of Sif Muna.
  5356 | D:6      | Reached skill level 10 in Axes
  5801 | D:7      | Found a glowing silver altar of Zin.
  5810 | D:7      | Reached XP level 9. HP: 78/78 MP: 8/8
  5836 | D:7      | Found an ornate altar of the Wu Jian Council.
  6157 | D:7      | Reached skill level 11 in Axes
  6578 | D:8      | Found a bloodstained altar of Trog.
  6579 | D:8      | Noticed a wizard
  6585 | D:8      | Killed a wizard
  6586 | D:8      | Reached skill level 1 in Evocations
  6705 | D:8      | Found an iron altar of Okawaru.
  6742 | D:8      | Found a burning altar of Makhleb.
  6742 | D:8      | Noticed a balrug
  7049 | D:8      | Reached skill level 12 in Axes
  7129 | D:8      | Gained mutation: You passively map a small area around you.
                  | [potion of mutation]
  7129 | D:8      | Gained mutation: You passively map the area around you.
                  | [potion of mutation]
  7129 | D:8      | Gained mutation: You are agile. (Dex +4, Str/Int -1)
                  | [potion of mutation]
  7164 | D:9      | Found a hide-covered altar of Uskayaw.
  7174 | D:9      | Reached XP level 10. HP: 83/86 MP: 7/9
  7328 | D:9      | Found a staircase to the Lair.
  7335 | D:9      | Identified the +10 rapier of Loving Execution {elec, rPois
                  | Str+2}
  7443 | D:9      | Noticed a two-headed ogre
  7456 | D:9      | Killed a two-headed ogre
  7457 | D:9      | Reached skill level 13 in Axes
  7612 | D:9      | Found a staircase to the Orcish Mines.
  8198 | D:9      | Lost mutation: You are agile. (Dex +4, Str/Int -1) [potion
                  | of mutation]
  8198 | D:9      | Lost mutation: You passively map the area around you.
                  | [potion of mutation]
  8198 | D:9      | Gained mutation: Armour fits poorly on your strangely
                  | shaped body. [potion of mutation]
  8198 | D:9      | Gained mutation: Your muscles are strong. (Str +4, Int/Dex
                  | -1) [potion of mutation]
  8198 | D:9      | Gained mutation: You are agile. (Dex +4, Str/Int -1)
                  | [potion of mutation]
  8223 | D:10     | Entered Level 10 of the Dungeon
  8231 | D:10     | Noticed a two-headed ogre
  8240 | D:10     | Killed a two-headed ogre
  8451 | D:10     | Noticed a two-headed ogre
  8463 | D:10     | Killed a two-headed ogre
  8464 | D:10     | Reached skill level 14 in Axes
  8464 | D:10     | Reached XP level 11. HP: 74/95 MP: 5/10
  8713 | D:10     | Found a glowing golden altar of the Shining One.
  8768 | D:10     | Found Enuruar's Antique Armour Boutique.
  8826 | D:10     | Noticed Sonja
  8829 | Abyss:2  | Cast into level 2 of the Abyss (Sonja)
  8898 | Abyss:2  | Noticed a tentacled starspawn
  8934 | Abyss:2  | Found a corrupted altar of Lugonu.
  8970 | Abyss:2  | Noticed an ancient lich
  9045 | Abyss:2  | Found a corrupted altar of Lugonu.
  9104 | Abyss:2  | Found a corrupted altar of Lugonu.
  9107 | Abyss:2  | Killed from afar by a smoke demon

Illustrated notes

Levels and vault maps discovered:
D:1:      dpeg_arrival_rhombi, layout_basic, chequers_serial_rivers_large_b
D:2:      layout_loops_cross, nicolae_ecumenical_oubliette, basic_altar,
          amcnicky_mini_corridor_feature, grunt_ministairs_14, uniq_terence
D:3:      layout_loops_ring, nemelex_spade_bored_becter,
          nicolae_kikubaaqudgha_miasma_corner, portal_sewer_entry_f
D:4:      layout_basic
D:5:      layout_basic
D:6:      layout_basic, mainiacjoe_overflow_24_doors, kennysheep_little_box,
          minmay_temple_entry_statues_fountains
D:7:      layout_basic, nicolae_wu_jian_wuxing_cycle,
          mainiacjoe_overflow_alcove_2, enter_bailey_2,
          chequers_serial_rivers_small_b
D:8:      layout_loops_ring, trog_wizard, okawaru_humans,
          makhleb_altar_promises_db
D:9:      layout_basic, lemuel_doored_altar, dpeg_oklobed_lair, david_orc_4
D:10:     nicolae_BIG_FREAKIN_CUBE, layout_loops_ring,
          mainiacjoe_overflow_concentric_impassable, serial_shops, shop,
          uniq_sonja
Abyss:2:  base:
D:6

Skill      XL: |  1  2  3  4  5  6  7  8  9 10 |
---------------+-------------------------------+-----
Armour         | 4 5 6 7 8 9 |  9.8
Fighting       | 4 5 6 7 8 |  8.6
Shields        | 4 5 6 7 |  7.9
Axes           | 3 4 5 6 8 10 12 14 | 14.2
Evocations     | 2 4 |  4.6

Action                     |  1- 3 |  4- 6 |  7- 9 | 10-12 || total
---------------------------+-------+-------+-------+-------++-------
  Melee: War axe           |    56 |   105 |   255 |   155 ||   571
         Headbutt          |     5 |    17 |    55 |    45 ||   122
 Invoke: Reject Sacrifices |       |       |     1 |     1 ||     2
  Evoke: Wand              |       |       |       |     1 ||     1
    Use: Scroll            |     6 |     7 |     7 |     4 ||    24
         Potion            |       |     3 |     2 |     2 ||     7
 Armour: Scale mail        |    23 |    13 |       |       ||    36
         Chain mail        |       |    18 |   116 |    68 ||   202
  Dodge: Dodged            |    27 |    50 |   116 |    81 ||   274
  Block: Buckler           |    10 |    27 |    78 |    48 ||   163

Table legend: (Time is in decaauts)
 A = Elapsed time spent in this place.
 B = Non-inter-level travel time spent in this place.
 C = Inter-level travel time spent in this place.
 D = Time resting spent in this place.
 E = Time spent auto-exploring this place.
 F = Levels seen in this place.
 G = Mean time per level.
                   A        B        C        D        E       F      G
               +--------+--------+--------+--------+--------+-----+--------+
         Total |   9231 |   8770 |    461 |    299 |   6555 |  12 |  769.2 |
       Dungeon |   8611 |   8150 |    461 |    134 |   6458 |  10 |  861.1 |
         Abyss |    271 |    271 |      0 |      0 |      0 |   1 |  271.0 |
         Sewer |    348 |    348 |      0 |    165 |     96 |   1 |  348.0 |
               +--------+--------+--------+--------+--------+-----+--------+

Top non-repeatable levels by time:
     D:6: 1183 daAuts
     D:4: 1139 daAuts
     D:9: 1057 daAuts
     D:1: 1043 daAuts
     D:8: 787 daAuts
     D:5: 768 daAuts
     D:3: 704 daAuts
     D:7: 692 daAuts
     D:2: 635 daAuts
    D:10: 599 daAuts
   Sewer: 348 daAuts
 Abyss:2: 271 daAuts
